 Dungeon Crawl Stone Soup version 0.22-a0-136-g83a10e5 (webtiles) character file.

6 mhoghedin the Chiller (level 1, -1/13 (14) HPs)
             Began as a Ghoul Ice Elementalist on Feb 3, 2018.
             Slain by a kobold
             ... wielding a +0 dagger
              (2 damage)
             ... on level 1 of the Dungeon.
             The game lasted 00:00:52 (306 turns).

mhoghedin the Chiller (Ghoul Ice Elementalist)       Turns: 306, Time: 00:00:53

HP:   -1/13 (14)    AC:  2    Str: 11    XL:     1   Next: 90%
MP:   0/2           EV: 12    Int: 10    God:
Gold: 10            SH:  0    Dex:  9    Spells: 3/4 levels left

rFire    . . .     SeeInvis .   (no weapon)
rCold    + . .     Gourm    .   (no shield)
rNeg     + + +     Faith    .   a - +0 robe
rPois    ∞         Spirit   .   (no helmet)
rElec    .         Reflect  .   (no cloak)
rCorr    .         Harm     .   (no gloves)
MR       .....                  (no boots)
Stlth    ++........             (no amulet)
HPRegen  0.00/turn              (no ring)
MPRegen  0.08/turn              (no ring)

@: very slightly contaminated, rotting
A: rotting body, claws 1, carnivore, cold resistance 1, negative energy
resistance 3, inhibited regeneration, torment resistance, unbreathing
a: no special abilities


You were on level 1 of the Dungeon.
You were not hungry.

You visited 1 branch of the dungeon, and saw 1 of its levels.

You collected 10 gold pieces.

Inventory:

Armour
 a - a +0 robe (worn)
Scrolls
 d - a scroll of fog {unknown}
Books
 b - a book of Frost
Comestibles
 c - 2 rations


   Skills:
 - Level 1.7 Dodging
 - Level 2.1 Stealth
 + Level 2.0 Spellcasting
   Level 0.7 Conjurations
 + Level 3.5 Ice Magic


You had 3 spell levels left.
You knew the following spells:

 Your Spells              Type           Power        Failure   Level  Hunger
a - Freeze                Ice            #...         8%          1    ##.....


Dungeon Overview and Level Annotations

Branches:
Dungeon (1/15)

Altars:


Innate Abilities, Weirdness & Mutations

Your body is rotting away.
You thrive on raw meat.
You are immune to poison.
You have sharp fingernails.
You are carnivorous and can eat meat at any time.
Your flesh is cold resistant. (rC+)
You are immune to negative energy. (rN+++)
You do not regenerate when monsters are visible.
You are immune to unholy pain and torment.
You can survive without breathing.


Message History

You kill the ball python!
You start resting.
You feel your flesh rotting away.
Health restored: 13; MP restored: 2 A bat comes into view.
A bat is nearby!
You miss the bat. The bat hits you.
You take 1 damage, and have 12/13 hp.
The bat closely misses you. The bat hits you.
You take 1 damage, and have 11/13 hp.
A hobgoblin comes into view.
The hobgoblin shouts!
The bat closely misses you.
Aim: a bat You freeze the bat.
The bat closely misses you.
A kobold comes into view. It is wielding a dagger.
You now have 1/2 mp.
You can't see any susceptible monsters within range! (Use Z to cast anyway.) Unknown command.
The bat hits you but does no damage. The bat hits you.
You take 1 damage, and have 10/13 hp.
The bat hits you.
You take 1 damage, and have 9/13 hp.
The bat closely misses you. The bat hits you but does no damage.
Aim: a bat You freeze the bat.
You kill the bat!
You now have 0/2 mp.
You don't have enough magic to cast that spell.
You scratch the hobgoblin but do no damage.
The hobgoblin misses you.
You scratch the hobgoblin but do no damage.
The hobgoblin closely misses you.
You scratch the hobgoblin but do no damage.
The hobgoblin hits you.
You take 1 damage, and have 8/13 hp.
You scratch the hobgoblin but do no damage.
The hobgoblin closely misses you.
Aim: a hobgoblin You freeze the hobgoblin.
The hobgoblin hits you but does no damage.
You now have 0/2 mp.
You don't have enough magic to cast that spell.
You scratch the hobgoblin but do no damage.
The hobgoblin hits you.
You take 3 damage, and have 5/13 hp.
MASSIVE DAMAGE!!
You scratch the hobgoblin.
You kill the hobgoblin!
Your Spellcasting skill increases to level 2!
You start resting.
A kobold comes into view. It is wielding a dagger.
You regained 5 hp, and now have 10/13 hp.
MP restored: 2 The kobold shouts!
The kobold throws a stone.
The stone misses you.
A bat comes into view.
The kobold throws a stone.
The stone closely misses you.
A goblin comes into view. It is wielding a club.
The bat misses you.
The kobold throws a stone.
The stone completely misses you.
Aim: a bat You freeze the bat.
The bat closely misses you.
The kobold throws a stone.
The stone hits you but does no damage.
You now have 1/2 mp.
Aim: a bat (heavily wounded)
You miscast Freeze.
You are very lightly contaminated with residual magic.
You hear a crackling sound.
The bat hits you.
You take 1 damage, and have 9/13 hp.
You now have 0/2 mp.
The bat hits you but does no damage.
You scratch the bat.
You kill the bat!
You see here 3 stones.
You closely miss the kobold. The kobold hits you with a dagger.
You take 4 damage, and have 5/13 hp.
MASSIVE DAMAGE!!
You barely miss the kobold. The kobold hits you with a dagger.
* * * LOW HITPOINT WARNING * * *
You take 2 damage, and have 3/13 hp.
You barely miss the kobold. The kobold closely misses you.
Unknown command.
Aim: a kobold, wielding a dagger You freeze the kobold.
The kobold barely misses you.
You now have 0/2 mp.
You barely miss the kobold. The kobold closely misses you.
You closely miss the kobold. The kobold hits you but does no damage.
You barely miss the kobold. The kobold hits you with a dagger.
* * * LOW HITPOINT WARNING * * *
You take 1 damage, and have 2/13 hp.
You miss the kobold. The kobold hits you but does no damage.
You scratch the kobold but do no damage.
The kobold hits you with a dagger.
* * * LOW HITPOINT WARNING * * *
You take 1 damage, and have 1/13 hp.
You closely miss the kobold. The kobold hits you with a dagger.
You die...

### ... ..#.......
..#.... .#......#
# #...#..
.......##. # .....
#........ .. ....#
#......##.. #..#
#..........
#..####......# #.
..
#.@Kg..(....###...
[.
#.####....?.....##
.###.#
####.........
..#.# ##.....K..
#.#.# ##.##..#..
#.#.# ##..# .#
#...# ##..## ..
##..#####..## ..
#........## .


You could see a goblin and a kobold.

Vanquished Creatures
  A ball python (D:1)
  3 bats (D:1)
  A hobgoblin (D:1)
5 creatures vanquished.

Notes
Turn   | Place    | Note
-------+----------+-------------------------------------------
     0 | D:1      | mhoghedin the Ghoul Ice Elementalist began the quest for the Orb.
     0 | D:1      | Reached XP level 1. HP: 14/14 MP: 2/2
   155 | D:1      | Reached skill level 2 in Spellcasting
   297 | D:1      | HP: 3/13 [kobold/dagger (2)]
   303 | D:1      | HP: 2/13 [kobold/dagger (1)]
   306 | D:1      | Slain by a kobold

Vault maps used:
D:1:      sevenhm_arrival_forest_fort_large_2, minmay_hexomino_c4

Skill      XL: |  1 |
---------------+----+-----
Spellcasting   | 2 |  2.0
Dodging        | |  1.7
Stealth        | |  2.1
Conjurations   | |  0.7
Ice Magic      | |  3.5

Action                   || total
-------------------------++-------
Melee: Unarmed           ||    21
 Cast: Freeze            ||     7
 Stab: Sleeping          ||     1
Armor: Robe              ||    11
Dodge: Dodged            ||    24

Table legend:
 A = Spawn XP
 B = Non-spawn XP
 C = Spawn XP percentage of total XP
 D = Spawn monster count
 E = Non-spawn monster count
 F = Spawn count percentage of total count
 G = Total turns spent on level
                    A         B        C        D         E        F      G
               +---------+---------+-------+---------+---------+-------+---------
         Total |       0 |       9 |   0.0 |       0 |       5 |   0.0 |   306
               +---------+---------+-------+---------+---------+-------+---------
           D:1 |       0 |       9 |   0.0 |       0 |       5 |   0.0 |   306
               +---------+---------+-------+---------+---------+-------+---------

Vault maps used:
D:1:      sevenhm_arrival_forest_fort_large_2, minmay_hexomino_c4

Table legend:
 A = Turns spent in this place as a percentage of turns spent in the entire game.
 B = Non-inter-level travel turns spent in this place as a percentage of non-inter-level travel turns spent in the entire game.
 C = Inter-level travel turns spent in this place as a percentage of turns spent in this place.
 D = Turns resting spent in this place as a percentage of non-inter-level travel turns spent in this place.
 E = Turns spent auto-exploring this place as a percentage of non-inter-level travel turns spent in this place.
 F = Non-inter-level travel turns spent in this place divided by the number of levels of this place that you've seen.
                   A       B       C       D       E      F
               +-------+-------+-------+-------+-------+----------------------
         Total | 100.0 | 100.0 |   0.0 |  59.5 |  19.0 | 306.0
       Dungeon | 100.0 | 100.0 |   0.0 |  59.5 |  19.0 | 306.0
               +-------+-------+-------+-------+-------+----------------------

Table legend:
 A = Kills in this place as a percentage of kills in entire the game.
 B = Kills by you in this place as a percentage of kills by you in the entire game.
 C = Kills by friends in this place as a percentage of kills by friends in the entire game.
 D = Other kills in this place as a percentage of other kills in the entire game.
 E = Experience gained in this place as a percentage of experience gained in the entire game.
 F = Experience gained in this place divided by the number of levels of this place that you have seen.
                   A       B       C       D       E      F
               +-------+-------+-------+-------+-------+----------------------
         Total | 100.0 | 100.0 |   N/A |   N/A | 100.0 |   9.0
       Dungeon | 100.0 | 100.0 |   N/A |   N/A | 100.0 |   9.0
               +-------+-------+-------+-------+-------+----------------------
